 Dungeon Crawl Stone Soup version 0.24-a0-447-ge8da9206dc (webtiles) character file.

Game seed: 7943094946804574852

59 gruber the Insei (level 3, -1/28 HPs)
             Began as a Demigod Transmuter on June 25, 2019.
             Slain by a worm (5 damage)
             ... on level 2 of the Dungeon.
             The game lasted 00:02:02 (1410 turns).

gruber the Insei (Demigod Transmuter)               Turns: 1410, Time: 00:02:02

Health: -1/28      AC:  3    Str: 13    XL:     3   Next: 54%
Magic:  8/8        EV: 12    Int: 19    God:
Gold:   75         SH:  0    Dex: 16    Spells: 3/6 levels left

rFire    . . .     SeeInvis .     - Unarmed
rCold    . . .     Gourm    .   (no shield)
rNeg     . . .     Faith    .   b - +0 robe
rPois    .         Spirit   .   (no helmet)
rElec    .         Reflect  .   i - +0 cloak
rCorr    .         Harm     .   (no gloves)
MR       .....                  (no boots)
Stlth    +.........             (no amulet)
HPRegen  0.09/turn              (no ring)
MPRegen  0.11/turn              (no ring)

@: no status effects
A: high mp 1
a: no special abilities


You were on level 2 of the Dungeon.
You were near starving.

You visited 1 branch of the dungeon, and saw 2 of its levels.

You collected 75 gold pieces.

Inventory:

Missiles
 a - 31 arrows
Armour
 b - a +0 robe (worn)
 i - a +0 cloak (worn)
Scrolls
 e - 4 scrolls of identify {unknown}
 f - a scroll of blinking {unknown}
 j - 2 scrolls of enchant weapon {unknown}
 k - 5 scrolls of teleportation {unknown}
 l - a scroll of fear {unknown}
Potions
 c - a potion of agility
 g - a potion of magic {unknown}
 h - a potion of curing {unknown}
 m - a potion of haste {unknown}
Comestibles
 d - 6 rations


   Skills:
 - Level 1.1 Fighting
 - Level 1.7 Dodging
 - Level 0.1 Stealth
 * Level 4.0 Unarmed Combat
 - Level 2.0 Spellcasting
 - Level 2.0 Transmutations


You had 3 spell levels left.
You knew the following spells:

 Your Spells              Type           Power        Failure   Level  Hunger
a - Beastly Appendage     Tmut           #.....       8%          1    #......
b - Sticks to Snakes      Tmut           #.......     11%         2    ###....

Your spell library contained the following spells:

 Spells                   Type           Power        Failure   Level  Hunger
 Spider Form              Tmut/Pois      #.........   32%         3    ###....
 Ice Form                 Ice/Tmut       #.......     73%         4    #####..
 Blade Hands              Tmut           #.........   90%         5    ######.


Dungeon Overview and Level Annotations

Branches:
Dungeon (2/15)


Innate Abilities, Weirdness & Mutations

You have an increased reservoir of magic. (+10% MP)


Message History

You hit the worm. Your punch misses the worm.
The worm is severely wounded.
Your horns disappear.
The worm bites you.
You barely miss the worm.
The worm is severely wounded.
You hit the worm but do no damage.
The worm is severely wounded.
The worm bites you!
* * * LOW HITPOINT WARNING * * *
You completely miss the worm.
The worm is severely wounded.
You barely miss the worm.
The worm is severely wounded.
The worm bites you.
* * * LOW HITPOINT WARNING * * *
You hit the worm.
The worm is severely wounded.
The worm bites you.
You die...

#.......#
........##
##......[..
..........
#.......#
#####.......#.
.(##$).......
#.# #w#
#.###@#
#.....# #
#.#####
#.#####.#
#.......#
####.#### #.#
#.### #...###
###


You could see a worm.

Vanquished Creatures
  An ooze (D:1)
  A worm (D:2)
  A dart slug (D:1)
  4 bats
  A giant cockroach (D:2)
  3 goblins (D:2)
  3 hobgoblins
  4 kobolds
  A frilled lizard (D:2)
  5 rats
24 creatures vanquished.

Vanquished Creatures (collateral kills)
  A centaur skeleton (D:2)
1 creature vanquished.

Grand Total: 25 creatures vanquished

Notes
Turn   | Place    | Note
-------+----------+-------------------------------------------
     0 | D:1      | gruber the Demigod Transmuter began the quest for the Orb.
     0 | D:1      | Reached XP level 1. HP: 15/15 MP: 5/5
   232 | D:1      | Reached skill level 3 in Unarmed Combat
   313 | D:1      | Reached skill level 1 in Fighting
   377 | D:1      | Reached XP level 2. HP: 23/23 MP: 5/7
   539 | D:1      | You fall into a shaft and drop 1 floor!
   562 | D:2      | Learned a level 2 spell: Sticks to Snakes
  1216 | D:2      | Reached XP level 3. HP: 21/28 MP: 4/8
  1392 | D:2      | Reached skill level 4 in Unarmed Combat
  1410 | D:2      | Slain by a worm

Levels and vault maps discovered:
D:1:      ncdulo_halloftheorcs, layout_basic, bh_walls_and_bars
D:2:      layout_loops_ring, chequers_ecumenical_altar_grove, feat_on_display,
          uniq_natasha, uniq_crazy_yiuf_cottage

Skill      XL: |  1  2  3 |
---------------+----------+-----
Unarmed Combat | 3 4 |  4.0
Fighting       | 1 |  1.1
Transmutations | 2 |  2.0
Spellcasting   | 2 |  2.0
Dodging        | |  1.7
Stealth        | |  0.1

Action                   || total
-------------------------++-------
Melee: Unarmed           ||    75
       Kick              ||    10
       Headbutt          ||     4
       Punch             ||     1
 Cast: Beastly Appendage ||    17
       Sticks to Snakes  ||     1
 Stab: Sleeping          ||     1
Armor: Robe              ||    21
Dodge: Dodged            ||    42

Table legend:
 A = Non-vault XP
 B = Vault XP
 C = Vault XP percentage of total XP
 D = Non-vault monster count
 E = Vault monster count
 F = Vault count percentage of total count
                 A         B        C        D         E       F
            +---------+---------+-------+---------+---------+-------
      Total |      85 |       0 |   0.0 |      25 |       0 |   0.0
            +---------+---------+-------+---------+---------+-------
        D:1 |      27 |       0 |   0.0 |      12 |       0 |   0.0
        D:2 |      58 |       0 |   0.0 |      13 |       0 |   0.0
            +---------+---------+-------+---------+---------+-------
